 Dungeon Crawl Stone Soup version 0.26.1-2-gb8aa6d0cf2 (console) character file.

Game seed: 9291069751630008491

44016 om the Protected (level 13, -4/160 HPs)
             Began as a Minotaur Berserker on Feb 11, 2021.
             Was the Champion of Trog.
             Slain by a bog body (14 damage)
             ... on level 3 of the Lair of Beasts.
             The game lasted 00:35:00 (23638 turns).

om the Protected (Minotaur Berserker)              Turns: 23638, Time: 00:35:00

Health: -4/160     AC: 20    Str: 23    XL:     13   Next: 94%
Magic:  12/12      EV: 14    Int:  4    God:    Trog [******]
Gold:   1441       SH:  0    Dex: 14    Spells: 12/12 levels left

rFire    . . .     SeeInvis .   O - +2 dire flail (flame)
rCold    . . .     Faith    .   (shield currently unavailable)
rNeg     + . .     Spirit   .   P - +0 plate armour
rPois    .         Reflect  .   (helmet restricted)
rElec    .         Harm     .   K - +2 cloak {Stlth+}
rCorr    .         Rampage  .   (no gloves)
Will     +....                  (no boots)
Stlth    ..........             (no amulet)
HPRegen  0.36/turn              D - ring of positive energy
MPRegen  0.13/turn              H - ring of willpower

@: berserking (expiring), very quick
A: retaliatory headbutt, horns 2
a: Renounce Religion, Berserk, Trog's Hand, Brothers in Arms


You were on level 3 of the Lair of Beasts.
You worshipped Trog.
Trog was exalted by your worship.
You visited 2 branches of the dungeon, and saw 17 of its levels.
You also visited: Sewer.

You collected 1441 gold pieces.

Inventory:

Hand Weapons
 a - a +2 whip of electrocution
 b - a +1 hunting sling of freezing
 N - a +4 vorpal great mace
 O - a +2 dire flail of flaming (weapon)
Missiles
 B - 182 sling bullets
Armour
 K - a +2 cloak of stealth (worn)
 P - a +0 plate armour (worn)
Jewellery
 c - a +6 ring of strength
 k - a +6 ring of dexterity
 s - an uncursed ring of fire
 D - a ring of positive energy (left hand)
 F - a +6 ring of strength
 H - a ring of willpower (right hand)
 Q - an uncursed ring of protection from cold
 S - an uncursed ring of fire
 U - an uncursed ring of fire
Wands
 r - a wand of iceblast (4)
 u - a wand of disintegration (15)
 v - a wand of paralysis (24)
 w - a wand of digging (15)
 z - a wand of random effects (12)
 C - a wand of enslavement (19)
 E - a wand of acid (15)
Scrolls
 d - 3 scrolls of immolation
 e - 14 scrolls of teleportation
 f - a scroll of brand weapon {unknown}
 h - 3 scrolls of enchant armour
 j - a scroll of holy word {unknown}
 m - 7 scrolls of remove curse
 n - 2 scrolls of enchant weapon
 x - 2 scrolls of blinking {unknown}
 y - 2 scrolls of fog
 I - a scroll of torment
 J - 2 scrolls of magic mapping {unknown}
 L - a scroll of acquirement {unknown}
 M - a scroll of noise {unknown}
 R - a scroll of summoning
Potions
 g - 5 potions of berserk rage
 i - 10 potions of curing
 o - a potion of cancellation
 p - 2 potions of flight
 q - a potion of might
 t - 7 potions of haste
 A - 3 potions of lignification
 G - 2 potions of ambrosia
 V - a potion of magic
 W - a potion of resistance {unknown}
Miscellaneous
 T - a condenser vane (inert)


   Skills:
 + Level 7.9 Fighting
 - Level 3.9(10.1) Axes
 * Level 14.0(14.2) Maces & Flails
 - Level 10.0 Slings
 + Level 14.6 Armour
 + Level 13.5 Dodging
 + Level 3.7 Evocations


You had 12 spell levels left.
You didn't know any spells.
Your spell library was empty.

Dungeon Overview and Level Annotations

Branches:
Dungeon (13/15)            Temple (0/1) D:7            Lair (4/6) D:9
    Orc (0/2) D:11         Vaults (0/5) D:13          Sewer (visited)
  Swamp: Lair:2-4    Shoals: Lair:2-4     Snake: Lair:2-4    Spider: Lair:2-4

Altars:
Ashenzari
Dithmenos
Elyvilon
Gozag
Okawaru
Qazlal
Ru
Sif Muna
Trog
Wu Jian
Xom
Yredelemnul
Zin

Shops:
D:6 (   D:13 *

Annotations:
D:13 3 runed translucent doors, Kiokkeho's ghost, journeyman TrMo


Innate Abilities, Weirdness & Mutations

You reflexively headbutt those who attack you in melee.
You have a pair of horns on your head.


Message History

The swamp worm bites you but does no damage.
The bog body touches you.
* * * LOW HITPOINT WARNING * * *
The bog body freezes you!!
* * * LOW HITPOINT WARNING * * *
You climb upwards.
You feel a strong urge to attack something.
There is a stone staircase leading down here.
You barely miss the bog body. You headbutt the bog body!
The bog body is moderately damaged.
The bog body barely misses you. You furiously retaliate!
You headbutt the bog body! The swamp worm barely misses you.
You furiously retaliate!
You headbutt the swamp worm!! You barely miss the bog body.
You headbutt the bog body!!
The bog body is severely damaged.
You puncture the bog body! You burn the bog body.
Your headbutt misses the bog body.
The bog body is severely damaged.
The bog body touches you.
* * * LOW HITPOINT WARNING * * *
The bog body freezes you!
You die...

.##.8.##............#............
...######..8.....#.#.............
........##......####.............
..........#........#.............
#P...##....#...8...+.............
...........#..........P.#..#.#P..
......#.....#......+.............
......#.......##...#.............
...............#...........[.....
..................####.(.........
...............n@................
...............wn......#..(......
......#.##...#...................
......P.#........#..........###..
...............#.#.##.##...#.....
...#.#.........#...........#.....
.................................
........#..................P.....
........+...................†....
........###.............(........
.................................


You could see 2 bog bodies and a swamp worm.

Vanquished Creatures
  Rupert (D:13)
  Frances (D:12)
  An ironheart preserver (D:12)
  Erolcha (D:10)
  3 hydras (Lair:3)
  4 two-headed ogres
  3 unseen horrors
  Pikel (D:8)
  2 cyclopes
  2 deep elf magi (D:13)
  2 manticores
  2 centaur zombies
  Joseph (D:10)
  5 elephants (Lair:3)
  Maurice (D:8)
  2 black mambas
  Psyche (D:8)
  Maggie (D:7)
  2 molten gargoyles (D:11)
  2 rime drakes (Lair:3)
  6 cane toads
  A kobold demonologist (D:13)
  7 komodo dragons
  3 polar bears
  Prince Ribbit (D:4)
  7 blink frogs (Lair:4)
  3 hornets
  4 trolls
  5 slime creatures (D:7)
  Sigmund (D:4)
  2 shadows (D:12)
  29 yaks
  4 basilisks
  Grum (D:8)
  2 steam dragons
  Menkaure (D:5)
  A swamp worm (Lair:4)
  9 water moccasins
  2 soldier ants
  Duvessa (D:5)
  5 ice beasts
  8 orc warriors
  3 sky beasts
  2 black bears
  3 eyes of draining
  A phantom (D:5)
  A necrophage (D:9)
  5 ogres
  8 centaurs
  17 wolves
  4 lemures (D:8)
  7 big kobolds
  15 bullfrogs
  Dowan (D:5)
  3 scorpions
  5 killer bees (D:13)
  4 wights (D:9)
  3 howler monkeys
  An electric eel (D:8)
  5 lava snakes (D:11)
  A bullfrog zombie (D:12)
  3 centaur skeletons
  4 hounds
  5 jellies
  9 orc priests
  6 iguanas
  22 orc wizards
  10 worker ants
  2 hound zombies (D:7)
  A hound skeleton (D:10)
  2 howler monkey zombies (D:10)
  Robin (D:4)
  3 gnolls (D:2)
  24 adders
  A howler monkey skeleton (D:8)
  A shadow imp (D:8)
  3 white imps
  4 oozes
  3 adder skeletons
  5 worms
  A dart slug (D:2)
  A leopard gecko (D:4)
  54 orcs
  4 ball pythons
  6 giant cockroaches
  10 goblins
  9 hobgoblins
  A jackal (D:5)
  27 kobolds
  6 quokkas
  8 bats
  3 frilled lizards
  A jackal zombie (D:5)
  A leopard gecko skeleton (D:4)
  A leopard gecko zombie (D:8)
  6 rats
478 creatures vanquished.

Vanquished Creatures (others)
  A wight (D:13)
  An orc wizard (D:13)
  18 fungi
  51 plants
71 creatures vanquished.

Grand Total: 549 creatures vanquished

Notes
Turn   | Place    | Note
-------+----------+-------------------------------------------
     0 | D:1      | om the Minotaur Berserker began the quest for the Orb.
     0 | D:1      | Reached XP level 1. HP: 19/19 MP: 0/0
     7 | D:1      | Found a shimmering altar of Xom.
  1002 | D:2      | Reached XP level 2. HP: 9/27 MP: 1/1
  1008 | D:1      | Reached skill level 1 in Maces & Flails
  1160 | D:2      | Reached XP level 3. HP: 30/33 MP: 2/2
  1385 | D:2      | Reached XP level 4. HP: 26/40 MP: 3/3
  1986 | D:2      | Found an iron altar of Okawaru.
  2113 | D:3      | Found a glowing drain.
  2127 | Sewer    | Entered a sewer
  2219 | Sewer    | Noticed a big kobold
  2226 | Sewer    | Killed a big kobold
  2226 | Sewer    | Reached ** piety under Trog
  2227 | Sewer    | Reached XP level 5. HP: 46/46 MP: 4/4
  2465 | Sewer    | Reached XP level 6. HP: 38/52 MP: 5/5
  2973 | D:3      | Reached skill level 5 in Maces & Flails
  3718 | D:4      | Reached *** piety under Trog
  3767 | D:4      | Noticed Robin
  3774 | D:4      | Killed Robin
  4413 | D:4      | Noticed Sigmund
  4484 | D:4      | Killed Sigmund
  4485 | D:4      | Reached skill level 5 in Armour
  4485 | D:4      | Reached XP level 7. HP: 60/60 MP: 6/6
  4703 | D:5      | Entered Level 5 of the Dungeon
  4755 | D:5      | Found a basalt altar of Yredelemnul.
  4840 | D:5      | Found a sacrificial altar of Ru.
  5045 | D:5      | Noticed Dowan
  5047 | D:5      | Noticed Duvessa
  5057 | D:5      | Killed Dowan
  5058 | D:5      | Reached skill level 5 in Dodging
  5066 | D:5      | Killed Duvessa
  5139 | D:5      | Noticed Prince Ribbit
  5139 | D:5      | Noticed Menkaure
  5211 | D:4      | Killed Prince Ribbit
  5212 | D:4      | Reached XP level 8. HP: 64/67 MP: 7/7
  5524 | D:5      | Killed Menkaure
  6210 | D:6      | Found a shadowy altar of Dithmenos.
  6382 | D:6      | Reached **** piety under Trog
  6438 | D:6      | Found a shimmering blue altar of Sif Muna.
  6554 | D:6      | Found an opulent altar of Gozag.
  6557 | D:6      | Found a stormy altar of Qazlal.
  6560 | D:6      | Found an ornate altar of the Wu Jian Council.
  6645 | D:6      | Reached XP level 9. HP: 54/72 MP: 8/8
  7028 | D:6      | Found an opulent altar of Gozag.
  7292 | D:6      | Found Piun's Antique Weapon Boutique.
  7738 | D:7      | Noticed Maggie
  7741 | D:7      | Paralysed by Maggie for 5 turns
  7753 | D:7      | Killed Maggie
  7801 | D:7      | Found a shimmering altar of Xom.
  7841 | D:7      | Identified the Tome of Fiery Necromancy
  7948 | D:7      | Found a staircase to the Ecumenical Temple.
  8112 | D:7      | Reached skill level 10 in Maces & Flails
  8173 | D:7      | Reached XP level 10. HP: 73/80 MP: 9/9
  8673 | D:8      | Noticed Maurice
  8680 | D:8      | Killed Maurice
  8681 | D:8      | Reached skill level 5 in Slings
  8878 | D:8      | Noticed Grum
  9149 | D:8      | Killed Grum
  9258 | D:8      | Noticed Psyche
  9261 | D:8      | Killed Psyche
  9386 | D:8      | Reached skill level 10 in Armour
  9395 | D:8      | Noticed Pikel
  9410 | D:8      | Killed Pikel
  9772 | D:9      | Reached ***** piety under Trog
  9794 | D:9      | Found a staircase to the Lair.
 10377 | D:9      | Reached XP level 11. HP: 83/85 MP: 8/10
 10381 | D:9      | Reached skill level 5 in Fighting
 10527 | D:9      | Found a bloodstained altar of Trog.
 10620 | D:9      | Found a glowing silver altar of Zin.
 10984 | D:9      | Received a gift from Trog
 11033 | D:9      | Found a broken altar of Ashenzari.
 11033 | D:9      | Found a white marble altar of Elyvilon.
 11159 | D:10     | Entered Level 10 of the Dungeon
 11180 | D:10     | Noticed a two-headed ogre
 11186 | D:10     | Killed a two-headed ogre
 11187 | D:10     | Reached skill level 10 in Dodging
 11367 | D:10     | Noticed a two-headed ogre
 11378 | D:10     | Killed a two-headed ogre
 11487 | D:10     | Noticed Joseph
 11499 | D:10     | Killed Joseph
 11575 | D:10     | Noticed Erolcha
 11585 | D:10     | Killed Erolcha
 12443 | D:11     | Noticed a two-headed ogre
 12451 | D:11     | Killed a two-headed ogre
 12894 | D:11     | HP: 3/89 [molten gargoyle/+0 morningstar (7)]
 13572 | D:11     | Found a staircase to the Orcish Mines.
 13682 | D:11     | Killed an unseen horror
 14063 | D:11     | Found a glowing silver altar of Zin.
 14305 | D:11     | Reached XP level 12. HP: 96/96 MP: 11/11
 14718 | D:12     | Noticed a two-headed ogre
 14722 | D:12     | Noticed Frances
 14725 | D:12     | Killed a two-headed ogre
 14737 | D:12     | Killed Frances
 15299 | D:12     | Received a gift from Trog
 15401 | D:12     | Found a shadowy altar of Dithmenos.
 16222 | D:13     | Noticed Rupert
 16242 | D:13     | Killed Rupert
 16243 | D:13     | Reached skill level 10 in Slings
 16484 | D:13     | Found a runed translucent gate.
 16486 | D:13     | Found a runed translucent gate.
 16486 | D:13     | Found a runed translucent gate.
 16487 | D:13     | Noticed Kiokkeho's ghost (journeyman TrMo)
 16693 | D:13     | Noticed an ironheart preserver
 16843 | D:12     | Killed an ironheart preserver
 17457 | D:13     | Found Zusk's Mayhem Merchandise.
 17686 | D:13     | Reached XP level 13. HP: 100/102 MP: 12/12
 18010 | D:13     | Found the +10 Black Knight's barding {ponderous, rPois rN+}
 18010 | D:13     | Found a gate to the Vaults.
 18405 | Lair:1   | Entered Level 1 of the Lair of Beasts
 19274 | Lair:1   | Reached skill level 1 in Evocations
 21604 | Lair:3   | Received a gift from Trog
 21697 | Lair:3   | Reached ****** piety under Trog
 23268 | Lair:3   | HP: 4/107 [seven-headed hydra (8)]
 23638 | Lair:3   | Slain by a bog body

Illustrated notes

Levels and vault maps discovered:
D:1:      psy_arrival_statuary, layout_basic, xom_teletrap_fun
D:2:      layout_basic, lemuel_doored_altar, corexii_leaking_fountain
D:3:      layout_basic, serial_rivers, chequers_serial_rivers_small_b,
          chequers_serial_rivers_micro_e, chequers_serial_rivers_large_b,
          chequers_serial_rivers_marsh, chequers_serial_rivers_micro_b,
          cheibrodos_sewer_entry_sluice, st_stairs_1,
          minmay_fractal_squares_diagonal_5
D:4:      layout_loops_ring, uniq_robin, uniq_sigmund
D:5:      layout_cave_pools, hangedman_ru_absence, yredelemnul_altar_generic,
          minmay_puff, uniq_prince_ribbit1, uniq_duvessa, uniq_menkaure
D:6:      layout_basic, lemuel_crystal_altar, lemuel_crystal_altar,
          grunt_temple_overflow_open, serial_shops, kennysheep_mini,
          nicolae_gozag_cash_rules_everything_around_me
D:7:      layout_basic, kennysheep_little_box, minmay_temple_entry_waves,
          uniq_maggie
D:8:      layout_basic, uniq_grum, uniq_maurice, uniq_pikel, uniq_psyche
D:9:      layout_irregular_city, zin_academy,
          gammafunk_temple_overflow_elements, lightli_temple_of_fire,
          serial_glass, glass_columns_c, glass_columns_a, eino_tiny_chamber,
          chequers_garden
D:10:     layout_loops_ring, uniq_erolcha, uniq_joseph
D:11:     cheibrodos_magma_flow, layout_irregular_city, orc_0_dummy,
          lemuel_altar_in_water
D:12:     layout_loops_ring, basic_altar, uniq_frances
D:13:     layout_loops_ring, skrybe_vaults_entry_preservation,
          gammafunk_ghost_spectres, minmay_shop_mayhem, uniq_rupert
Lair:1:   layout_loops_ring, chequers_serial_rivers_marsh
Lair:2:   layout_concentric_octagons
Lair:3:   minmay_lair_venomous_thicket, layout_chaotic_city, st_stairs_9,
          beast_lair_carwin_9, grunt_megastairs_3
Lair:4:   layout_regular_city, nicolae_swamp_entry_splash_gauntlet,
          spider_nest_entry_web_field, serial_bayou_lagoon_b,
          serial_bayou_shore_b, infiniplex_staircase_pool_2

Skill      XL: |  1  2  3  4  5  6  7  8  9 10 11 12 13 |
---------------+----------------------------------------+-----
Maces & Flails | 1 2 4 6 7 9 10 11 12 14 | 14.0
Fighting       | 4 6 7 |  7.9
Armour         | 3 4 5 6 7 9 10 12 13 14 | 14.6
Dodging        | 3 4 5 6 8 9 11 12 13 | 13.5
Slings         | 4 6 8 10 | 10.0
Evocations     | 3 |  3.7
Axes           | |  3.9

Action                   |  1- 3 |  4- 6 |  7- 9 | 10-12 | 13-15 || total
-------------------------+-------+-------+-------+-------+-------++-------
Melee: Hand axe          |    15 |       |       |       |       ||    15
       Whip              |    25 |   151 |   173 |   468 |       ||   817
       Headbutt          |     7 |    16 |    26 |   150 |    69 ||   268
       Unarmed           |       |       |       |     1 |       ||     1
       Great mace        |       |       |       |   155 |   207 ||   362
       Flail             |       |       |       |    43 |       ||    43
       Dire flail        |       |       |       |       |   135 ||   135
 Fire: Hunting sling     |       |       |    25 |    33 |       ||    58
Invok: Berserk           |       |     2 |     5 |    24 |     6 ||    37
Evoke: Wand              |       |       |       |     3 |       ||     3
       Condenser vane    |       |       |       |       |     1 ||     1
  Use: Potion            |     1 |       |     1 |     4 |     2 ||     8
       Scroll            |       |     8 |     8 |     5 |     1 ||    22
 Stab: Sleeping          |       |     1 |       |       |       ||     1
Armor: Animal skin       |     3 |    19 |       |       |       ||    22
       Chain mail        |       |       |    51 |   259 |    37 ||   347
       Plate armour      |       |       |       |       |   163 ||   163
Dodge: Dodged            |    36 |    94 |    61 |   360 |   256 ||   807
